 Dungeon Crawl Stone Soup version 0.26-a0-682-g294304f6e8 (webtiles) character file.

Game seed: 6720900225422024791

(classic levelgen) 18 EnegeticOcto the Digger (level 2, -3/25 HPs)
             Began as a Halfling Earth Elementalist on Oct 21, 2020.
             Was a Plaything of Xom.
             Slain by an orc
             ... wielding a +0 flail
              (8 damage)
             ... on level 3 of the Dungeon.
             The game lasted 00:02:40 (411 turns).

EnegeticOcto the Digger (HaEE)                       Turns: 411, Time: 00:02:40

Health: -3/25      AC:  2    Str:  9    XL:     2   Next: 85%
Magic:  2/4        EV: 15    Int: 13    God:    Xom [..*...]
Gold:   11         SH:  0    Dex: 14    Spells: 3/4 levels left

rFire    . . .     SeeInvis .   g - +0 mace
rCold    . . .     Faith    .   (shield restricted)
rNeg     . . .     Spirit   .   c - +0 robe
rPois    .         Reflect  .   (no helmet)
rElec    .         Harm     .   (no cloak)
rCorr    .         Rampage  .   (no gloves)
MR       .....                  (no boots)
Stlth    ..........             (no amulet)
HPRegen  0.08/turn              (no ring)
MPRegen  0.09/turn              (no ring)

@: berserking (expiring), very quick
A: small, mutation resistance 1
a: Renounce Religion


You were on level 3 of the Dungeon.
You worshipped Xom.
You were a toy of Xom.
You visited 1 branch of the dungeon, and saw 4 of its levels.

You collected 11 gold pieces.

Inventory:

Hand Weapons
 g - a +0 mace (weapon)
Missiles
 b - 8 stones (quivered)
Armour
 c - a +0 robe (worn)
Scrolls
 d - 2 scrolls of blinking {unknown}
 e - a scroll of magic mapping {unknown}
 f - a scroll of immolation {unknown}
Potions
 a - a potion of berserk rage
 h - a potion of haste {unknown}
 i - a potion of curing {unknown}


   Skills:
 - Level 2.1 Dodging
 - Level 2.1 Stealth
 - Level 1.5 Spellcasting
   Level 0.5 Transmutations
 + Level 3.9 Earth Magic


You had 3 spell levels left.
You knew the following spells:

 Your Spells              Type           Power        Failure   Level
a - Sandblast             Erth           ##....       5%          1

Your spell library contained the following spells:

 Spells                   Type           Power        Failure   Level
 Passwall                 Tmut/Erth      #.......     16%         2
 Stone Arrow              Conj/Erth      #.....       34%         3
 Petrify                  Tmut/Erth      #.......     71%         4
 Lee's Rapid Deconstruct  Erth           ##........   82%         5


Dungeon Overview and Level Annotations

Branches:
Dungeon (4/15)
 Temple: D:4-7

Altars:
Xom


Innate Abilities, Weirdness & Mutations

You are small and have problems with some larger weapons.
You are somewhat resistant to further mutation.


Message History

d - 2 scrolls labeled JEHULISOME (gained 1)
The frilled lizard hisses angrily.
Casting: Sandblast (safe; 6% risk of failure)
Confirm with . or Enter, or press ? or * to list all spells.
Aiming: Sandblast (safe; 6% risk of failure)
Press: ? - help, Shift-Dir - straight line, f - frilled lizard
Aim: a frilled lizard The blast of sand hits the frilled lizard!
You kill the frilled lizard!
b - 12 stones
h - a viscous grey potion You see here a frilled lizard corpse.
Found a sapphire potion.
i - a sapphire potion
(D) Dungeon
Where to? (Enter - D:3, ? - help)
There is a stone staircase leading down here.
You climb downwards.
There is a stone staircase leading up here.
There is a stone staircase leading down here.
An orc comes into view. It is wielding a +0 club.
The orc shouts!
You hear a shout!
An orc comes into view. It is wielding a +0 club.
An orc comes into view.
Found a murky brown potion.
An orc comes into view. It is wielding a +0 flail.
An orc comes into view.
Casting: Sandblast (safe; 6% risk of failure)
Confirm with . or Enter, or press ? or * to list all spells.
Aiming: Sandblast (safe; 6% risk of failure)
Press: ? - help, Shift-Dir - straight line, f - orc
Aim: an orc, wielding a +0 club and wearing a +0 chain mail The blast of sand hits the orc but does no damage.
b - 11 stones The orc shouts! x2; You hear a shout!
You hit the orc but do no damage. The orc misses you.
An orc comes into view.
The orc hits you but does no damage.
You completely miss the orc. The orc completely misses you.
Casting: Sandblast (safe; 6% risk of failure)
Confirm with . or Enter, or press ? or * to list all spells.
Aiming: Sandblast (safe; 6% risk of failure)
Press: ? - help, Shift-Dir - straight line, f/p - orc
Aim: an orc, wielding a +0 club and wearing a +0 chain mail The blast of sand hits the orc but does no damage.
b - 10 stones
Found 13 arrows.
Casting: Sandblast (safe; 6% risk of failure)
Confirm with . or Enter, or press ? or * to list all spells.
Aiming: Sandblast (safe; 6% risk of failure)
Press: ? - help, Shift-Dir - straight line, f/p - orc
Aim: an orc, wielding a +0 club and wearing a +0 chain mail The blast of sand hits the orc but does no damage.
b - 9 stones The orc hits you with a cursed +0 club.
* * * LOW HITPOINT WARNING * * *
Press: ? - help, v - describe, . - travel
Here: an orc, wielding a +0 club and wearing a +0 chain mail The floor.
Unknown command.
You completely miss the orc. You hit the orc.
The orc is heavily wounded.
The orc barely misses you.
Press: ? - help, v - describe, . - travel
Here: an orc (heavily wounded)
The floor.
You hit the orc.
You kill the orc!
The orc hits you with a cursed +0 club.
* * * LOW HITPOINT WARNING * * *
Casting: Sandblast (safe; 5% risk of failure)
Confirm with . or Enter, or press ? or * to list all spells.
Aiming: Sandblast (safe; 5% risk of failure)
Press: ? - help, Shift-Dir - straight line, f/p - orc
Aim: an orc, wielding a +0 club and wearing a +0 chain mail The blast of sand hits the orc but does no damage.
b - 8 stones The orc barely misses you.
Press: ? - help, v - describe, . - travel
Here: an orc, wielding a +0 club and wearing a +0 chain mail The floor.
Unknown command.
You barely miss the orc. The orc hits you but does no damage.
It was a potion of berserk rage.
A red film seems to cover your vision as you go berserk!
You feel yourself moving faster!
You feel mighty! The orc hits you with a cursed +0 club.
* * * LOW HITPOINT WARNING * * *
You hit the orc.
The orc is heavily wounded.
The orc hits you but does no damage.
You sock the orc!
You kill the orc!
You hit the orc.
The orc is almost dead.
You sock the orc!
You kill the orc!
You barely miss the orc. The orc hits you with a +0 flail!
You die...

##### #...# ##.#.## ###
###..#..### ######.##
#....#....###.......## (..
#.#######..@oo.......# ....
#....#....###.###...##.....
###..#..### #.# #....o.....
##.#.# #o####..##...≈.
#...# #o..ooo.# ..!.
##.############+## .
#........# ##.######.#
##>....##


You could see 2 orcs.

Vanquished Creatures
  4 orcs (D:3)
  A bat (D:1)
  A goblin (D:2)
  A hobgoblin (D:2)
  2 jackals (D:2)
  2 frilled lizards (D:2)
  A kobold (D:3)
  A rat (D:3)
13 creatures vanquished.

Notes
Turn   | Place    | Note
-------+----------+-------------------------------------------
     0 | D:1      | EnegeticOcto the Halfling Earth Elementalist began the
                  | quest for the Orb.
     0 | D:1      | Reached XP level 1. HP: 11/11 MP: 3/3
    53 | D:2      | Found a shimmering altar of Xom.
    55 | D:2      | Became a worshipper of Xom of Malicious Giggling
   117 | D:2      | XOM: potion effect (heal wounds)
   169 | D:2      | XOM: butterfly on damage
   170 | D:2      | Reached XP level 2. HP: 6/17 MP: 0/4
   192 | D:2      | XOM: silly message
   207 | D:3      | XOM: silly message
   411 | D:3      | Slain by an orc

Illustrated notes

Levels and vault maps discovered:
D:1:      ebering_trefoil_twist, layout_rooms
D:2:      layout_basic, overflow_temple_1_default
D:3:      layout_loops_corners, marbit_many_paths, lemuel_doored_altar,
          tso_altar, skrybe_limestone_x, nemelex_diamond_rough_becter
D:4:      layout_loops_corners, makhleb_heckhound_becter, lemuel_round_altar,
          elyvilon_altar_3, lemuel_coloured_pillars_altar,
          gammafunk_ghost_abyssal_escape, serial_shops,
          nicolae_shop_overgrown_old_shop, shop

Action                   || total
-------------------------++-------
Melee: Unarmed           ||    18
       Mace              ||    19
 Cast: Sandblast         ||    22
  Use: Potion            ||     1
Armor: Robe              ||     4
Dodge: Dodged            ||    40

Table legend: (Time is in decaauts)
 A = Elapsed time spent in this place.
 B = Non-inter-level travel time spent in this place.
 C = Inter-level travel time spent in this place.
 D = Time resting spent in this place.
 E = Time spent auto-exploring this place.
 F = Levels seen in this place.
 G = Mean time per level.
                   A        B        C        D        E       F      G
               +--------+--------+--------+--------+--------+-----+--------+
         Total |    418 |    393 |     25 |      0 |      0 |   4 |  104.5 |
       Dungeon |    418 |    393 |     25 |      0 |      0 |   4 |  104.5 |
               +--------+--------+--------+--------+--------+-----+--------+

Top non-repeatable levels by time:
     D:2: 196 daAuts
     D:3: 153 daAuts
     D:1: 65 daAuts
     D:4: 2 daAuts
